 Dungeon Crawl Stone Soup version 0.21.0-3-g78d12a8 (webtiles) character file.

12056 Gorglomux the Blocker (level 11, -3/103 HPs)
             Began as a Deep Dwarf Fighter on Jan 12, 2018.
             Was an Elder of Makhleb.
             Slain by a 15-headed hydra (4 damage)
             ... on level 11 of the Dungeon.
             The game lasted 00:08:19 (7695 turns).

Gorglomux the Blocker (Deep Dwarf Fighter)          Turns: 7695, Time: 00:08:20

Health: -3/103     AC: 14    Str: 23    XL:     11   Next: 57%
Magic:  8/8        EV: 11    Int:  6    God:    Makhleb [****..]
Gold:   165        SH: 12    Dex: 12    Spells: 10/10 levels left

rFire    + . .     SeeInvis .   a - +0 war axe
rCold    . . .     Gourm    .   c - +0 shield
rNeg     . . .     Faith    .   N - +2 chain mail {rPois}
rPois    +         Spirit   .   (no helmet)
rElec    .         Reflect  .   (no cloak)
rCorr    .         Harm     .   L - +0 pair of gloves "Zeocziu" {rPois rF+ Stlth+} (curse)
MR       +++..     Rnd*Rage +   (no boots)
Stlth    ..........             H - necklace of Bloodlust {*Rage +Rage MR++ Int-3 Slay+6 *Curse} (curse)
HPRegen  0.00/turn              l - ring of flight
MPRegen  0.11/turn              o - ring of poison resistance

@: berserk cooldown, non-regenerating, slowed, very slow
A: damage resistance, heal wounds, sense surroundings 2, no regeneration
a: Heal Wounds, Minor Destruction, Lesser Servant of Makhleb, Major Destruction,
Renounce Religion, Evoke Berserk Rage, Evoke Flight


You were on level 11 of the Dungeon.
You worshipped Makhleb.
Makhleb was greatly pleased with you.
You were not hungry.

You visited 2 branches of the dungeon, and saw 12 of its levels.

You collected 616 gold pieces.
You spent 451 gold pieces at shops.

Inventory:

Hand Weapons
 a - a +0 war axe (weapon)
Armour
 c - a +0 shield (worn)
 L - the cursed +0 pair of gloves "Zeocziu" (worn) {rPois rF+ Stlth+}
   (You bought it in a shop on level 8 of the Dungeon)

   It protects you from fire.
   It protects you from poison.
   It makes you more stealthy.
   It has a curse placed upon it.
 N - a +2 chain mail of poison resistance (worn)
Jewellery
 l - a ring of flight (left hand)
 o - a ring of poison resistance (right hand)
 H - the cursed necklace of Bloodlust (around neck) {*Rage +Rage MR++ Int-3 Slay+6 *Curse}
   (You found it on level 10 of the Dungeon)

   [amulet of rage]

   It affects your intelligence (-3).
   It affects your accuracy and damage with ranged weapons and melee attacks
   (+6).
   It affects your resistance to hostile enchantments.
   It lets you go berserk.
   It may make you go berserk in combat.
   It curses itself when equipped.
   It has a curse placed upon it.
Wands
 D - a wand of digging (8)
 I - a wand of iceblast (4)
 P - a wand of paralysis (8)
Scrolls
 h - 3 scrolls of amnesia
 q - 5 scrolls of fog
 t - 2 scrolls of enchant armour
 E - 2 scrolls of random uselessness {unknown}
 G - 2 scrolls of immolation
 M - a scroll of fear
 O - 2 scrolls of magic mapping
 R - 5 scrolls of identify
 S - a scroll of summoning {unknown}
 T - 7 scrolls of teleportation
 V - 10 scrolls of remove curse
 X - 2 scrolls of blinking {unknown}
 Z - a scroll of enchant weapon {unknown}
Potions
 d - a potion of might
 i - 2 potions of resistance
 k - a potion of heal wounds
 n - a potion of invisibility
 r - 2 potions of cancellation
 s - 2 potions of flight
 F - 2 potions of brilliance {unknown}
 Q - 5 potions of curing
 U - 2 potions of magic
Books
 J - a book of Maledictions

   Spells                             Type                      Level
   a - Corona                         Hexes                        1
   b - Ensorcelled Hibernation        Hexes/Ice                    2
   c - Confuse                        Hexes                        3
   d - Tukima's Dance                 Hexes                        3
   e - Dazzling Spray                 Conjuration/Hexes            3
 W - a book of Misfortune

   Spells                             Type                      Level
   a - Confusing Touch                Hexes                        1
   b - Confuse                        Hexes                        3
   c - Gell's Gravitas                Translocation                3
   d - Petrify                        Transmutation/Earth          4
   e - Metabolic Englaciation         Hexes/Ice                    5
   f - Yara's Violent Unravelling     Hexes/Transmutation          5
 Y - a book of Necromancy

   Spells                             Type                      Level
   a - Pain                           Necromancy                   1
   b - Animate Skeleton               Necromancy                   1
   c - Vampiric Draining              Necromancy                   3
   d - Regeneration                   Charms/Necromancy            3
   e - Animate Dead                   Necromancy                   4
   f - Borgnjor's Vile Clutch         Necromancy/Earth             5
Comestibles
 f - 25 rations
 K - 17 chunks of flesh


   Skills:
 + Level 7.8 Fighting
 + Level 9.0 Axes
 + Level 9.4 Armour
 + Level 8.6 Dodging
 + Level 9.4 Shields
 + Level 7.3 Invocations


You had 10 spell levels left.
You didn't know any spells.

Dungeon Overview and Level Annotations

Branches:
Dungeon (11/15)            Temple (1/1) D:7            Lair (0/6) D:8
    Orc: D:9-12

Altars:
Ashenzari
Cheibriados
Dithmenos
Elyvilon
Fedhas
Gozag
Hepliaklqana
Kikubaaqudgha
Makhleb
Nemelex Xobeh
Okawaru
Qazlal
Ru
Sif Muna
Trog
Uskayaw
Vehumet
Xom
Yredelemnul
Zin
The Shining One

Shops:
D:8 [   D:10 *%?[   D:11 =

Annotations:
D:7 Suckerboh's ghost, novice MiFi


Innate Abilities, Weirdness & Mutations

You are resistant to damage.
You can heal yourself by infusing magical energy.
You passively map the area around you.
You do not regenerate.


Message History

The 15-headed hydra roars!!!
Evoke butt item? (* to show all) (? for menu, Esc to quit)
Aiming: Iceblast
Press: ? - help, Shift-Dir - straight line, f/butt - 15-headed hydra
Aim: a 15-headed hydra (severely wounded)
The mass of ice explodes!!!
The iceblast engulfs the 15-headed hydra!
The 15-headed hydra is almost dead!
Unknown command!
The 15-headed hydra bites you!!! * * * don't die
* * * You block the 15-headed hydra's attack! x2; The 15-headed hydra bites you!
The 15-headed hydra bites you!!! * * * butt'butt die
* * * The 15-headed hydra bites you but does no damage!
The 15-headed hydra completely misses you!
The 15-headed hydra bites you! * * * don't die
* * * The 15-headed hydra bites you!!! rip

#....#
#.....
##.#######
######
#.#.....#
#.#.###.#
#...# #.#
#######.# ##
#...# ###<##
#.### .....#
#@# .)...#
#D####.....#
#..........#
######†....#
.....#
.....#
.....#
*.....#
######


You could see a 15-headed hydra.

Vanquished Creatures
  3 unseen horrors (D:10)
  An elephant (D:8)
  Grinder (D:6)
  A troll (D:10)
  2 hippogriffs
  A spriggan (D:8)
  A wyvern (D:11)
  A basilisk (D:8)
  13 yaks
  A steam dragon (D:10)
  4 hungry ghosts
  Edmund (D:4)
  2 soldier ants (D:10)
  A floating eye (D:10)
  2 orc warriors
  An ice beast (D:10)
  5 sky beasts
  A hornet zombie (D:9)
  4 phantoms
  6 ogres
  A necrophage (D:8)
  6 centaurs
  A crocodile (D:8)
  2 big kobolds
  9 bullfrogs
  A wyvern skeleton (D:11)
  7 scorpions
  12 killer bees
  4 howler monkeys
  2 centaur zombies
  4 crimson imps
  2 jellies
  A quasit (D:11)
  12 hounds
  7 orc priests
  A centaur skeleton (D:6)
  7 orc wizards
  5 worker ants
  4 iguanas
  2 hound skeletons
  A worker ant zombie (D:6)
  A howler monkey zombie (D:9)
  9 adders
  2 howler monkey skeletons (D:6)
  A river rat (D:5)
  4 shadow imps
  3 oozes
  An adder skeleton (D:4)
  2 adder zombies
  2 worms
  4 dart slugs
  4 leopard geckos
  23 orcs
  2 ball pythons
  2 bats (D:1)
  3 giant cockroaches
  10 goblins
  8 hobgoblins
  15 jackals
  13 kobolds
  3 quokkas
  A ball python skeleton (D:4)
  4 frilled lizards
  A leopard gecko skeleton (D:5)
  8 rats
269 creatures vanquished.

Vanquished Creatures (others)
  5 dream sheep (D:4)
  A human (D:8)
  The ghost of letownia2 the Magician, a weakling VSWz (D:4)
  A jackal skeleton (D:4)
8 creatures vanquished.

Grand Total: 277 creatures vanquished

Notes
Turn   | Place    | Note
-------+----------+-------------------------------------------
     0 | D:1      | Gorglomux the Deep Dwarf Fighter began the quest for the Orb.
     0 | D:1      | Reached XP level 1. HP: 20/20 MP: 1/1
   108 | D:1      | Reached XP level 2. HP: 27/27 MP: 2/2
   198 | D:1      | Reached skill level 1 in Dodging
   261 | D:1      | Reached XP level 3. HP: 20/33 MP: 3/3
   281 | D:2      | Reached skill level 3 in Fighting
   303 | D:2      | Noticed a bullfrog
   321 | D:2      | Killed a bullfrog
   321 | D:2      | Reached skill level 3 in Axes
   321 | D:2      | Reached XP level 4. HP: 18/42 MP: 4/4
   503 | D:2      | Found a hide-covered altar of Uskayaw.
   705 | D:2      | Reached XP level 5. HP: 39/49 MP: 5/5
  1589 | D:4      | Noticed a phantom
  1617 | D:4      | Killed a phantom
  1710 | D:4      | Found a shimmering altar of Xom.
  1711 | D:4      | Noticed a phantom
  1713 | D:4      | Reached XP level 6. HP: 39/56 MP: 6/6
  1732 | D:4      | Reached skill level 3 in Dodging
  1779 | D:4      | Found a shimmering altar of Xom.
  1779 | D:4      | Noticed a dream sheep
  1779 | D:4      | Noticed a dream sheep
  1779 | D:4      | Noticed a dream sheep
  1779 | D:4      | Noticed a dream sheep
  1779 | D:4      | Noticed a dream sheep
  1779 | D:4      | Noticed letownia2's ghost (weakling VSWz)
  1783 | D:4      | Killed a dream sheep
  1783 | D:4      | Killed a dream sheep
  1783 | D:4      | Killed letownia2's ghost
  1783 | D:4      | Killed a dream sheep
  1784 | D:4      | Killed a dream sheep
  1785 | D:4      | Killed a dream sheep
  1825 | D:4      | Noticed Edmund
  1850 | D:4      | Killed Edmund
  1850 | D:4      | Reached XP level 7. HP: 23/64 MP: 7/7
  2247 | D:5      | Entered Level 5 of the Dungeon
  2643 | D:5      | Found a glowing drain.
  2700 | D:5      | Found an ancient bone altar of Kikubaaqudgha.
  3042 | D:6      | Noticed Grinder
  3048 | D:6      | Reached XP level 8. HP: 45/73 MP: 8/8
  3052 | D:6      | Paralysed by Grinder for 2 turns
  3060 | D:6      | Killed Grinder
  3087 | D:6      | Reached skill level 6 in Armour
  3087 | D:6      | Reached skill level 6 in Shields
  3101 | D:6      | Found a shimmering altar of Xom.
  3531 | D:6      | Found a hazy altar of Hepliaklqana.
  3743 | D:7      | Reached skill level 6 in Axes
  3761 | D:7      | Gained mutation: You passively map the area around you. [Deep Dwarf growth]
  3761 | D:7      | Reached XP level 9. HP: 41/81 MP: 7/7
  3990 | D:7      | Noticed Suckerboh's ghost (novice MiFi)
  4095 | D:7      | Found a staircase to the Ecumenical Temple.
  4112 | Temple   | Entered the Ecumenical Temple
  4197 | Temple   | Became a worshipper of Makhleb the Destroyer
  4265 | D:7      | Found a blossoming altar of Fedhas.
  4515 | D:8      | Found Desibb's Antique Armour Shop.
  4519 | D:8      | Bought a pair of encrusted gloves for 237 gold pieces
  4524 | D:8      | Identified the cursed +0 pair of gloves "Zeocziu" {rPois rF+ Stlth+} (You bought it in a shop on level 8 of the Dungeon)
  4594 | D:8      | Found a staircase to the Lair.
  4594 | D:8      | Noticed an elephant
  4613 | D:8      | Reached skill level 1 in Invocations
  4642 | D:8      | Reached skill level 6 in Dodging
  4643 | D:8      | Killed an elephant
  4643 | D:8      | Reached skill level 6 in Fighting
  4717 | D:8      | Reached skill level 3 in Invocations
  4899 | D:8      | Reached XP level 10. HP: 62/92 MP: 6/6
  5005 | D:8      | Reached * piety under Makhleb
  5184 | D:8      | Found an ancient bone altar of Kikubaaqudgha.
  5985 | D:9      | Reached ** piety under Makhleb
  6052 | D:10     | Entered Level 10 of the Dungeon
  6117 | D:10     | Found Mac Jeny's Distillery.
  6198 | D:10     | Paralysed by fainting for 9 turns
  6504 | D:10     | Found Edopuam's Magic Scroll Emporium.
  6533 | D:10     | Bought a scroll of magic mapping for 52 gold pieces
  6533 | D:10     | Bought a scroll of immolation for 52 gold pieces
  6533 | D:10     | Bought a scroll of fear for 52 gold pieces
  6533 | D:10     | Bought a scroll of fog for 30 gold pieces
  6589 | D:10     | Reached skill level 6 in Invocations
  6683 | D:10     | Reached XP level 11. HP: 81/100 MP: 9/9
  6691 | D:10     | Found Izew Jud's General Store.
  6699 | D:10     | Bought a scroll of identify for 28 gold pieces
  6834 | D:10     | Killed an unseen horror
  6865 | D:10     | Found Xinoiv Kyne's Food Boutique.
  6880 | D:10     | Reached *** piety under Makhleb
  6930 | D:10     | Found Poiw's Armour Shoppe.
  7035 | D:10     | Paralysed by a floating eye for 4 turns
  7075 | D:10     | Killed an unseen horror
  7075 | D:10     | Reached skill level 9 in Armour
  7075 | D:10     | Reached skill level 9 in Shields
  7097 | D:10     | Found the cursed necklace of Bloodlust {*Rage +Rage MR++ Int-3 Slay+6 *Curse}
  7148 | D:10     | Killed an unseen horror
  7442 | D:11     | Found Dyfey's Jewellery Boutique.
  7497 | D:11     | Reached skill level 9 in Axes
  7498 | D:11     | Reached **** piety under Makhleb
  7664 | D:11     | Noticed an eight-headed hydra
  7695 | D:11     | HP: 5/103 [15-headed hydra (7)]
  7695 | D:11     | HP: 1/103 [15-headed hydra (4)]
  7695 | D:11     | Slain by a 15-headed hydra

Skill      XL: |  1  2  3  4  5  6  7  8  9 10 11 |
---------------+----------------------------------+-----
Dodging        | 1 2 3 4 5 6 7 8 |  8.6
Fighting       | 3 4 5 6 7 |  7.8
Axes           | 3 4 5 6 7 8 9 |  9.0
Shields        | 4 5 6 7 8 9 |  9.4
Armour         | 4 5 6 7 8 9 |  9.4
Invocations    | 3 6 7 |  7.3

Action                   |  1- 3 |  4- 6 |  7- 9 | 10-12 || total
-------------------------+-------+-------+-------+-------++-------
Melee: War axe           |    68 |   189 |   458 |   610 ||  1325
Invok: Minor Destruction |       |       |       |    15 ||    15
 Abil: Heal Wounds       |       |     4 |    19 |    10 ||    33
Evoke: Wand              |       |       |       |     1 ||     1
  Use: Scroll            |       |       |    10 |     5 ||    15
  Eat: Chunk             |       |     4 |    12 |    19 ||    35
Armor: Scale mail        |    33 |    79 |    70 |       ||   182
       Chain mail        |       |       |   161 |   461 ||   622
Dodge: Dodged            |    23 |    70 |   211 |   280 ||   584
Block: Shield            |    33 |   106 |   306 |   477 ||   922
